Phantoms vs Crunch

Created - Thursday, April 14, 2016 at 00:35

Goals
1 2 3 T
Phantoms 0 0 0 0
Crunch 0 0 1 1
Shots
1 2 3 T
Phantoms 3 7 5 15
Crunch 10 6 12 28

1st period

No Goal

Penalties :
Keegan Lowe (LEH) for Holding (Minor) at 2:13, Nolan Yonkman (SYR) for Fighting (Major) at 4:58, Martin Gernat (LEH) for Fighting (Major) at 4:58

2nd period

No Goal

Penalties :
Martin Havlat (SYR) for Interference (Minor) at 9:07, Steve McCarthy (LEH) for Interference (Minor) at 12:30

3rd period

1. Crunch , Kimmo Timonen 1 (Jordin Tootoo, Sam Carrick) at 3:36

Penalties :
Nolan Yonkman (SYR) for Fighting (Major) at 6:08, Stephen Johns (LEH) for Fighting (Major) at 6:08

Goalie Stats

Marek Mazanec (LEH), 27 saves from 28 shots - (0.964), L, 0-1-0, 59:13 minutes
Aaron Dell (SYR), 15 saves from 15 shots - (1.000), W, 1-0-0, 60:00 minutes

Players Stats for Phantoms

Player Name              G  A  P  +/- PIM S  H  SB GA TA FO     MP     PP MP  PK MP  
------------------------------------------------------------------------------------
Ben Street               0  0  0   0  0   2  1  0  1  0  2/9    17:24   1:05   2:29 
Bryan Allen              0  0  0   0  0   0  1  2  2  0  0/0    14:12   0:59   1:55 
Bryan Lerg               0  0  0   0  0   1  0  1  0  2  0/0    14:05   1:05   0:00 
Byron Froese             0  0  0   0  0   5  0  0  2  1  4/10   14:58   1:05   0:45 
Chris Langkow            0  0  0   0  0   0  1  0  3  0  4/4    13:38   0:00   0:53 
Cody Bass                0  0  0  -1  0   0  2  1  1  0  1/1    20:00   0:54   0:00 
Deryk Engelland          0  0  0   0  0   0  1  1  1  3  0/0    24:11   0:59   1:55 
Erik Burgdoerfer         0  0  0   0  0   0  1  0  0  1  0/0    12:57   0:00   0:00 
Garrett Wilson           0  0  0  -1  0   4  1  0  1  0  0/0    18:43   0:54   0:45 
Greg Zanon               0  0  0  -1  0   1  2  2  0  1  0/0    21:31   1:00   2:03 
Justin Mercier           0  0  0   0  0   0  1  0  0  0  0/0     9:33   0:00   0:00 
Keegan Lowe              0  0  0   0  2   0  0  1  0  0  0/0    15:33   0:00   0:00 
Martin Gernat            0  0  0  -1  5   0  0  0  0  1  0/0    19:50   1:00   2:03 
Nathan Longpre           0  0  0  -1  0   0  1  0  2  0  4/9    18:31   0:22   0:00 
Stephen Johns            0  0  0   0  5   1  3  2  0  0  0/0    12:59   0:00   0:00 
Steve McCarthy           0  0  0   0  2   0  0  0  0  0  0/0    10:00   0:00   0:00 
Tom Sestito              0  0  0   0  0   0  4  0  0  0  0/1    16:40   0:00   0:44 
Torrey Mitchell          0  0  0   0  0   1  2  3  3  2  5/5    21:13   0:32   2:20 

Players Stats for Crunch

Player Name              G  A  P  +/- PIM S  H  SB GA TA FO     MP     PP MP  PK MP  
------------------------------------------------------------------------------------
Casey Wellman            0  0  0   0  0   1  1  0  0  1  4/11   15:45   1:56   0:00 
Corban Knight            0  0  0   0  0   3  2  0  0  0  6/9    14:30   0:00   0:00 
Daniel Carr              0  0  0   0  0   1  0  1  0  0  0/1    11:58   0:00   0:00 
Daniel Cleary            0  0  0   1  0   3  1  0  4  1  0/0    16:41   2:02   0:56 
Dustin Jeffrey           0  0  0   0  0   3  1  0  2  0  0/0    15:26   0:00   0:56 
Eriah Hayes              0  0  0   0  0   0  4  0  0  0  0/0    11:58   0:00   0:00 
Jordin Tootoo            0  1  1   1  0   1  1  0  2  0  0/0    15:13   2:02   0:00 
Karl Stollery            0  0  0   0  0   2  3  0  1  2  0/0    21:09   2:08   1:11 
Kimmo Timonen            1  0  1   1  0   2  0  0  1  1  0/0    23:07   1:50   0:48 
Martin Havlat            0  0  0   0  2   2  0  0  5  1  0/0    15:47   1:56   0:00 
Matt Hunwick             0  0  0   1  0   2  1  1  0  1  0/0    19:38   1:50   0:48 
Nick Jensen              0  0  0   0  0   1  1  1  0  1  0/0    19:35   0:00   0:00 
Nolan Yonkman            0  0  0   0  10  1  3  0  0  0  0/0    15:20   0:00   0:00 
Sam Carrick              0  1  1   1  0   1  5  1  0  0  5/11   16:51   2:02   1:03 
Scott Hannan             0  0  0   0  0   3  1  0  2  2  0/0    21:09   2:08   1:11 
Stanislav Galiev         0  0  0   0  0   2  2  1  1  0  1/1    14:30   0:00   0:00 
Travis Moen              0  0  0   0  0   0  2  1  2  0  0/1    17:23   1:56   1:03 
Travis Oleksuk           0  0  0   0  0   0  0  0  4  0  3/5    11:58   0:00   0:00 

3 Stars

1 - Marek Mazanec (LEH)
2 - Aaron Dell (SYR)
3 - Sam Carrick (SYR)

Power Play

Phantoms - 0 on 1 Attempt(s) - 0.00%
Crunch - 0 on 2 Attempt(s) - 0.00%

Penalty Kill

Phantoms - 2 on 2 Attempt(s) - 100.00% - Score 0 goal in Penalty Kill
Crunch - 1 on 1 Attempt(s) - 100.00% - Score 0 goal in Penalty Kill

Team Stat

Phantoms - Hits : 21 - Faceoff Wins : 20 - Blocked Shots : 13 - Penalty Minutes : 14
Crunch - Hits : 28 - Faceoff Wins : 19 - Blocked Shots : 6 - Penalty Minutes : 12

Official

Referees : Unknown
Linesman : Unknown

Game Notes

Nolan Yonkman beats up Martin Gernat at 4:58 of 1st period
Stephen Johns beats up Nolan Yonkman at 6:08 of 3rd period

Finance

Level 1 -- Attendance: 1640 (82.00%) -- Ticket Income $41,000
Level 2 -- Attendance: 837 (83.70%) -- Ticket Income $8,370
Total Attendance: 2477 (82.57%)
Total Ticket Income: $49,370
Other Income: $24,191
Total Income: $73,561

Phantoms

5 vs 5 Forward 
   Center                   Left Wing                Right Wing               Time % Phy DF OF 
 1 Nathan Longpre           Garrett Wilson           Cody Bass                35     1   2  2  
 2 Ben Street               Bryan Lerg               Torrey Mitchell          30     1   2  2  
 3 Byron Froese             Tom Sestito              Deryk Engelland          22     1   2  2  
 4 Chris Langkow            Justin Mercier           Torrey Mitchell          13     1   2  2  

5 vs 5 Defense 
   Defense                  Defense                                           Time % Phy DF OF 
 1 Bryan Allen              Deryk Engelland                                   35     1   2  2  
 2 Greg Zanon               Martin Gernat                                     30     1   2  2  
 3 Stephen Johns            Keegan Lowe                                       22     1   2  2  
 4 Erik Burgdoerfer         Steve McCarthy                                    13     1   2  2  

PowerPlay Forward 
   Center                   Left Wing                Right Wing               Time % Phy DF OF 
 1 Torrey Mitchell          Garrett Wilson           Cody Bass                60     1   2  2  
 2 Ben Street               Bryan Lerg               Byron Froese             40     1   2  2  

PowerPlay Defense
   Defense                  Defense                                           Time % Phy DF OF 
 1 Bryan Allen              Deryk Engelland                                   60     1   2  2  
 2 Greg Zanon               Martin Gernat                                     40     1   2  2  

Penalty Kill 4 Players Forward 
   Center                   Wing                     Time % Phy DF OF 
 1 Torrey Mitchell          Ben Street               60     1   2  2  
 2 Garrett Wilson           Byron Froese             40     1   2  2  

Penalty Kill 4 Players Defense
   Defense                  Defense                  Time % Phy DF OF 
 1 Bryan Allen              Deryk Engelland          60     1   2  2  
 2 Greg Zanon               Martin Gernat            40     1   2  2  

Penalty Kill - 3 Players Forward 
   Forward                                           Time % Phy DF OF 
 1 Torrey Mitchell                                   60     1   2  2  
 2 Ben Street                                        40     1   2  2  

Penalty Kill - 3 Players Defense
   Defense                  Defense                  Time % Phy DF OF 
 1 Bryan Allen              Deryk Engelland          60     1   2  2  
 2 Greg Zanon               Martin Gernat            40     1   2  2  

4 vs 4 Forward 
   Center                   Wing                     Time % Phy DF OF 
 1 Torrey Mitchell          Ben Street               60     1   2  2  
 2 Garrett Wilson           Byron Froese             40     1   2  2  

4 vs 4 Defense
   Defense                  Defense                  Time % Phy DF OF 
 1 Bryan Allen              Deryk Engelland          60     1   2  2  
 2 Greg Zanon               Martin Gernat            40     1   2  2  

Last Minutes Offensive
   Center                   Left Wing                Right Wing               Defense                  Defense                  
   Torrey Mitchell          Garrett Wilson           Cody Bass                Bryan Allen              Deryk Engelland          

Last Minutes Defensive
   Center                   Left Wing                Right Wing               Defense                  Defense                  
   Torrey Mitchell          Garrett Wilson           Cody Bass                Bryan Allen              Deryk Engelland          

Goaltenders
Starting : Marek Mazanec            
Backup : Laurent Brossoit         

Extra Forwards
Normal : Nathan Longpre, Tom Sestito, Chris Langkow - PP : Nathan Longpre, Tom Sestito - PK : Chris Langkow
Extra Defensemen
Normal : Stephen Johns, Keegan Lowe, Erik Burgdoerfer - PP : Stephen Johns - PK : Keegan Lowe, Erik Burgdoerfer
Penalty Shots
Deryk Engelland, Torrey Mitchell, Ben Street, Garrett Wilson, Byron Froese

Crunch

5 vs 5 Forward 
   Center                   Left Wing                Right Wing               Time % Phy DF OF 
 1 Sam Carrick              Jordin Tootoo            Daniel Cleary            30     1   2  2  
 2 Casey Wellman            Martin Havlat            Travis Moen              30     1   2  2  
 3 Corban Knight            Dustin Jeffrey           Stanislav Galiev         25     1   2  2  
 4 Travis Oleksuk           Daniel Carr              Eriah Hayes              15     1   2  2  

5 vs 5 Defense 
   Defense                  Defense                                           Time % Phy DF OF 
 1 Kimmo Timonen            Matt Hunwick                                      34     1   2  2  
 2 Karl Stollery            Scott Hannan                                      33     1   2  2  
 3 Nolan Yonkman            Nick Jensen                                       33     1   2  2  
 4 Kimmo Timonen            Matt Hunwick                                      0      1   2  2  

PowerPlay Forward 
   Center                   Left Wing                Right Wing               Time % Phy DF OF 
 1 Sam Carrick              Jordin Tootoo            Daniel Cleary            50     1   1  3  
 2 Casey Wellman            Martin Havlat            Travis Moen              50     0   1  4  

PowerPlay Defense
   Defense                  Defense                                           Time % Phy DF OF 
 1 Kimmo Timonen            Matt Hunwick                                      50     1   2  2  
 2 Karl Stollery            Scott Hannan                                      50     1   2  2  

Penalty Kill 4 Players Forward 
   Center                   Wing                     Time % Phy DF OF 
 1 Dustin Jeffrey           Daniel Cleary            50     1   4  0  
 2 Sam Carrick              Travis Moen              50     1   4  0  

Penalty Kill 4 Players Defense
   Defense                  Defense                  Time % Phy DF OF 
 1 Karl Stollery            Scott Hannan             50     1   4  0  
 2 Kimmo Timonen            Matt Hunwick             50     1   4  0  

Penalty Kill - 3 Players Forward 
   Forward                                           Time % Phy DF OF 
 1 Dustin Jeffrey                                    50     1   4  0  
 2 Sam Carrick                                       50     1   4  0  

Penalty Kill - 3 Players Defense
   Defense                  Defense                  Time % Phy DF OF 
 1 Karl Stollery            Scott Hannan             50     1   4  0  
 2 Kimmo Timonen            Matt Hunwick             50     1   4  0  

4 vs 4 Forward 
   Center                   Wing                     Time % Phy DF OF 
 1 Sam Carrick              Jordin Tootoo            50     1   1  3  
 2 Casey Wellman            Martin Havlat            50     0   1  4  

4 vs 4 Defense
   Defense                  Defense                  Time % Phy DF OF 
 1 Kimmo Timonen            Matt Hunwick             50     1   2  2  
 2 Karl Stollery            Scott Hannan             50     1   2  2  

Last Minutes Offensive
   Center                   Left Wing                Right Wing               Defense                  Defense                  
   Sam Carrick              Jordin Tootoo            Martin Havlat            Kimmo Timonen            Matt Hunwick             

Last Minutes Defensive
   Center                   Left Wing                Right Wing               Defense                  Defense                  
   Sam Carrick              Travis Moen              Daniel Cleary            Karl Stollery            Scott Hannan             

Goaltenders
Starting : Aaron Dell               
Backup : Richard Bachman          

Extra Forwards
Normal : Jordin Tootoo, Martin Havlat, Daniel Cleary - PP : Jordin Tootoo, Martin Havlat - PK : Daniel Cleary
Extra Defensemen
Normal : Kimmo Timonen, Matt Hunwick, Scott Hannan - PP : Kimmo Timonen - PK : Scott Hannan, Karl Stollery
Penalty Shots
Casey Wellman, Corban Knight, Dustin Jeffrey, Daniel Carr, Stanislav Galiev

% Time on Ice - Phantoms

Lines # - Real PCT - Wanted PCT - Time Play
Normal Forward
1 - 33% - 35% - 17:31
2 - 24% - 30% - 13:00
3 - 25% - 22% - 13:08
4 - 18% - 13% - 9:33
Normal Defense
1 - 21% - 35% - 11:05
2 - 34% - 30% - 17:50
3 - 28% - 22% - 15:09
4 - 17% - 13% - 9:08
PP Forward
1 - 45% - 60% - 0:54
2 - 55% - 40% - 1:05
PP Defense
1 - 50% - 60% - 0:59
2 - 50% - 40% - 1:00
PK Forward
1 - 81% - 60% - 3:13
2 - 19% - 40% - 0:45
PK Defense
1 - 48% - 60% - 1:55
2 - 52% - 40% - 2:03
PK3 Forward
1 - 0% - 60%
2 - 0% - 40%
PK3 Defense
1 - 0% - 60%
2 - 0% - 40%
44 Forward
1 - 0% - 60%
2 - 0% - 40%
44 Defense
1 - 0% - 60%
2 - 0% - 40%
Last Minute Offensive  - 0:51
Last Minute Defensive  - 0:00
Total
Forward - 60:00
Defense - 60:00

% Time on Ice - Crunch

Lines # - Real PCT - Wanted PCT - Time Play
Normal Forward
1 - 25% - 30% - 13:11
2 - 26% - 30% - 13:52
3 - 27% - 25% - 14:30
4 - 22% - 15% - 11:58
Normal Defense
1 - 31% - 34% - 16:35
2 - 32% - 33% - 17:21
3 - 37% - 33% - 19:35
4 - 0% - 0% - 0:00
PP Forward
1 - 51% - 50% - 2:02
2 - 49% - 50% - 1:56
PP Defense
1 - 46% - 50% - 1:50
2 - 54% - 50% - 2:08
PK Forward
1 - 47% - 50% - 0:56
2 - 53% - 50% - 1:03
PK Defense
1 - 60% - 50% - 1:11
2 - 40% - 50% - 0:48
PK3 Forward
1 - 0% - 50%
2 - 0% - 50%
PK3 Defense
1 - 0% - 50%
2 - 0% - 50%
44 Forward
1 - 0% - 50%
2 - 0% - 50%
44 Defense
1 - 0% - 50%
2 - 0% - 50%
Last Minute Offensive  - 0:00
Last Minute Defensive  - 0:32
Total
Forward - 60:00
Defense - 60:00

Play by Play

1st period


0:01 of 1st period - Sam Carrick wins face-off versus Nathan Longpre in neutral zone.
1:05 of 1st period - Snap shot by Torrey Mitchell.
1:05 of 1st period - Shot Misses the Net.
1:11 of 1st period - Torrey Mitchell is hit by Travis Moen and loses puck.
1:34 of 1st period - Wrist shot by Karl Stollery.
1:34 of 1st period - Deflect By Corban Knight.
1:34 of 1st period - Stopped by Marek Mazanec with a rebound.
1:36 of 1st period - Snap shot by Dustin Jeffrey.
1:36 of 1st period - Stopped by Marek Mazanec without a rebound.
1:37 of 1st period - Corban Knight wins face-off versus Byron Froese in Phantoms zone.
2:00 of 1st period - Stanislav Galiev is hit by Stephen Johns and loses puck.
2:13 of 1st period - Minor Penalty to Keegan Lowe for Holding.
2:14 of 1st period - Torrey Mitchell wins face-off versus Sam Carrick in Phantoms zone.
2:14 of 1st period - Torrey Mitchell is hit by Sam Carrick.
4:06 of 1st period - Snap shot by Daniel Cleary.
4:06 of 1st period - Stopped by Marek Mazanec without a rebound.
4:07 of 1st period - Torrey Mitchell wins face-off versus Sam Carrick in Phantoms zone.
4:13 of 1st period - Penalty to Keegan Lowe is over, Keegan Lowe is back on ice.
4:28 of 1st period - Snap shot by Casey Wellman.
4:28 of 1st period - Stopped by Marek Mazanec with a rebound.
4:58 of 1st period - Nolan Yonkman beats up Martin Gernat.
4:58 of 1st period - Penalty to Nolan Yonkman for Fighting.
4:58 of 1st period - Penalty to Martin Gernat for Fighting.
4:59 of 1st period - Byron Froese wins face-off versus Sam Carrick in Phantoms zone.
5:39 of 1st period - Wrist shot by Garrett Wilson.
5:39 of 1st period - Stopped by Aaron Dell without a rebound.
5:40 of 1st period - Corban Knight wins face-off versus Nathan Longpre in Crunch zone.
5:45 of 1st period - Nathan Longpre is hit by Dustin Jeffrey and loses puck.
6:00 of 1st period - Snap shot by Nathan Longpre.
6:00 of 1st period - Shot Misses the Net.
7:19 of 1st period - Travis Oleksuk is hit by Tom Sestito and loses puck.
7:42 of 1st period - Wrist shot by Byron Froese.
7:42 of 1st period - Stopped by Aaron Dell without a rebound.
7:43 of 1st period - Sam Carrick wins face-off versus Ben Street in Crunch zone.
7:43 of 1st period - Sam Carrick is hit by Ben Street.
8:09 of 1st period - Snap shot by Jordin Tootoo.
8:09 of 1st period - Shot Blocked by Keegan Lowe.
8:19 of 1st period - Torrey Mitchell is hit by Sam Carrick and loses puck.
8:46 of 1st period - Garrett Wilson is hit by Stanislav Galiev and loses puck.
9:13 of 1st period - Greg Zanon is hit by Nick Jensen and loses puck.
9:59 of 1st period - Karl Stollery is hit by Bryan Allen and loses puck.
10:12 of 1st period - Garrett Wilson is hit by Eriah Hayes and loses puck.
10:41 of 1st period - Wrist shot by Daniel Cleary.
10:41 of 1st period - Stopped by Marek Mazanec with a rebound.
10:57 of 1st period - Slapshot by Jordin Tootoo.
10:57 of 1st period - Shot Misses the Net.
10:59 of 1st period - Snap shot by Daniel Cleary.
10:59 of 1st period - Shot Misses the Net.
11:09 of 1st period - Garrett Wilson is hit by Matt Hunwick and loses puck.
11:44 of 1st period - Wrist shot by Travis Moen.
11:44 of 1st period - Deflect By Martin Havlat.
11:44 of 1st period - Stopped by Marek Mazanec without a rebound.
11:45 of 1st period - Casey Wellman wins face-off versus Ben Street in Phantoms zone.
11:52 of 1st period - Wrist shot by Casey Wellman.
11:52 of 1st period - Shot Misses the Net.
11:54 of 1st period - Slapshot by Karl Stollery.
11:54 of 1st period - Shot Misses the Net.
11:56 of 1st period - Slapshot by Scott Hannan.
11:56 of 1st period - Shot Misses the Net.
11:58 of 1st period - Slapshot by Kimmo Timonen.
11:58 of 1st period - Shot Blocked by Bryan Lerg.
12:00 of 1st period - Slapshot by Matt Hunwick.
12:00 of 1st period - Shot Blocked by Torrey Mitchell.
12:18 of 1st period - Bryan Lerg is hit by Eriah Hayes and loses puck.
12:57 of 1st period - Steve McCarthy is hit by Daniel Cleary and loses puck.
13:16 of 1st period - Slapshot by Bryan Allen.
13:16 of 1st period - Shot Blocked by Sam Carrick.
13:18 of 1st period - Slapshot by Bryan Allen.
13:18 of 1st period - Deflect By Byron Froese.
13:18 of 1st period - Stopped by Aaron Dell without a rebound.
13:19 of 1st period - Corban Knight wins face-off versus Byron Froese in Crunch zone.
13:24 of 1st period - Deryk Engelland is hit by Corban Knight and loses puck.
13:37 of 1st period - Snap shot by Dustin Jeffrey.
13:37 of 1st period - Shot Misses the Net.
13:39 of 1st period - Wrist shot by Scott Hannan.
13:39 of 1st period - Shot Misses the Net.
13:41 of 1st period - Slapshot by Karl Stollery.
13:41 of 1st period - Stopped by Marek Mazanec without a rebound.
13:42 of 1st period - Chris Langkow wins face-off versus Casey Wellman in Phantoms zone.
13:52 of 1st period - Icing by Martin Havlat.
13:53 of 1st period - Chris Langkow wins face-off versus Casey Wellman in Crunch zone.
14:22 of 1st period - Torrey Mitchell is hit by Casey Wellman and loses puck.
15:19 of 1st period - Stephen Johns is hit by Stanislav Galiev and loses puck.
15:34 of 1st period - Snap shot by Stanislav Galiev.
15:34 of 1st period - Stopped by Marek Mazanec with a rebound.
15:44 of 1st period - Snap shot by Dustin Jeffrey.
15:44 of 1st period - Shot Misses the Net.
15:46 of 1st period - Snap shot by Stanislav Galiev.
15:46 of 1st period - Stopped by Marek Mazanec with a rebound.
15:48 of 1st period - Slapshot by Nolan Yonkman.
15:48 of 1st period - Shot Blocked by Cody Bass.
16:02 of 1st period - Icing by Garrett Wilson.
16:03 of 1st period - Nathan Longpre wins face-off versus Travis Oleksuk in Phantoms zone.
16:16 of 1st period - Kimmo Timonen is hit by Stephen Johns and loses puck.
16:21 of 1st period - Slapshot by Matt Hunwick.
16:21 of 1st period - Shot Blocked by Stephen Johns.
16:23 of 1st period - Slapshot by Matt Hunwick.
16:23 of 1st period - Shot Misses the Net.
16:56 of 1st period - Snap shot by Martin Havlat.
16:56 of 1st period - Shot Blocked by Stephen Johns.
16:58 of 1st period - Snap shot by Travis Moen.
16:58 of 1st period - Shot Misses the Net.
17:00 of 1st period - Wrist shot by Scott Hannan.
17:00 of 1st period - Stopped by Marek Mazanec without a rebound.
17:01 of 1st period - Byron Froese wins face-off versus Casey Wellman in Phantoms zone.
17:22 of 1st period - Slapshot by Bryan Allen.
17:22 of 1st period - Shot Misses the Net.
18:05 of 1st period - Daniel Cleary is hit by Torrey Mitchell and loses puck.
18:12 of 1st period - Torrey Mitchell is hit by Sam Carrick and loses puck.
19:48 of 1st period - Icing by Ben Street.
19:49 of 1st period - Ben Street wins face-off versus Casey Wellman in Phantoms zone.
Goals for this period are 0 for Phantoms vs 0 for Crunch.
Shots for this period are 3 for Phantoms vs 10 for Crunch.

2nd period


0:01 of 2nd period - Torrey Mitchell wins face-off versus Sam Carrick in neutral zone.
0:23 of 2nd period - Deryk Engelland is hit by Sam Carrick and loses puck.
1:02 of 2nd period - Slapshot by Karl Stollery.
1:02 of 2nd period - Shot Blocked by Bryan Allen.
1:04 of 2nd period - Slapshot by Scott Hannan.
1:04 of 2nd period - Shot Misses the Net.
1:06 of 2nd period - Slapshot by Scott Hannan.
1:06 of 2nd period - Stopped by Marek Mazanec with a rebound.
1:08 of 2nd period - Snap shot by Martin Havlat.
1:08 of 2nd period - Shot Blocked by Torrey Mitchell.
1:10 of 2nd period - Slapshot by Martin Havlat.
1:10 of 2nd period - Shot Misses the Net.
1:12 of 2nd period - Wrist shot by Karl Stollery.
1:12 of 2nd period - Deflect By Martin Havlat.
1:12 of 2nd period - Stopped by Marek Mazanec without a rebound.
1:13 of 2nd period - Corban Knight wins face-off versus Nathan Longpre in Phantoms zone.
1:27 of 2nd period - Wrist shot by Dustin Jeffrey.
1:27 of 2nd period - Shot Misses the Net.
1:29 of 2nd period - Snap shot by Corban Knight.
1:29 of 2nd period - Shot Misses the Net.
1:39 of 2nd period - Snap shot by Stanislav Galiev.
1:39 of 2nd period - Shot Misses the Net.
1:41 of 2nd period - Slapshot by Nolan Yonkman.
1:41 of 2nd period - Stopped by Marek Mazanec with a rebound.
2:02 of 2nd period - Icing by Travis Oleksuk.
2:03 of 2nd period - Travis Oleksuk wins face-off versus Byron Froese in Crunch zone.
2:10 of 2nd period - Snap shot by Daniel Carr.
2:10 of 2nd period - Shot Misses the Net.
2:16 of 2nd period - Deryk Engelland is hit by Nolan Yonkman and loses puck.
2:41 of 2nd period - Torrey Mitchell is hit by Nolan Yonkman.
3:18 of 2nd period - Daniel Carr is hit by Cody Bass.
3:30 of 2nd period - Matt Hunwick is hit by Garrett Wilson and loses puck.
4:29 of 2nd period - Deryk Engelland is hit by Travis Moen.
6:58 of 2nd period - Wrist shot by Byron Froese.
6:58 of 2nd period - Stopped by Aaron Dell with a rebound.
7:00 of 2nd period - Wrist shot by Byron Froese.
7:00 of 2nd period - Stopped by Aaron Dell with a rebound.
7:02 of 2nd period - Slapshot by Greg Zanon.
7:02 of 2nd period - Deflect By Karl Stollery.
7:02 of 2nd period - Stopped by Aaron Dell without a rebound.
7:03 of 2nd period - Travis Oleksuk wins face-off versus Tom Sestito in Crunch zone.
8:55 of 2nd period - Snap shot by Torrey Mitchell.
8:55 of 2nd period - Shot Blocked by Stanislav Galiev.
8:57 of 2nd period - Slapshot by Stephen Johns.
8:57 of 2nd period - Stopped by Aaron Dell without a rebound.
8:58 of 2nd period - Ben Street wins face-off versus Travis Moen in Crunch zone.
9:07 of 2nd period - Minor Penalty to Martin Havlat for Interference.
9:08 of 2nd period - Sam Carrick wins face-off versus Ben Street in Crunch zone.
10:28 of 2nd period - Dustin Jeffrey is hit by Nathan Longpre and loses puck.
11:07 of 2nd period - Penalty to Martin Havlat is over, Martin Havlat is back on ice.
11:09 of 2nd period - Wrist shot by Torrey Mitchell.
11:09 of 2nd period - Stopped by Aaron Dell without a rebound.
11:10 of 2nd period - Torrey Mitchell wins face-off versus Daniel Carr in Crunch zone.
11:39 of 2nd period - Snap shot by Travis Oleksuk.
11:39 of 2nd period - Shot Misses the Net.
12:11 of 2nd period - Matt Hunwick is hit by Tom Sestito and loses puck.
12:20 of 2nd period - Scott Hannan is hit by Tom Sestito and loses puck.
12:30 of 2nd period - Minor Penalty to Steve McCarthy for Interference.
12:31 of 2nd period - Torrey Mitchell wins face-off versus Casey Wellman in Phantoms zone.
14:30 of 2nd period - Penalty to Steve McCarthy is over, Steve McCarthy is back on ice.
14:45 of 2nd period - Snap shot by Stanislav Galiev.
14:45 of 2nd period - Shot Misses the Net.
14:53 of 2nd period - Wrist shot by Stanislav Galiev.
14:53 of 2nd period - Shot Misses the Net.
14:55 of 2nd period - Slapshot by Nick Jensen.
14:55 of 2nd period - Stopped by Marek Mazanec with a rebound.
14:57 of 2nd period - Wrist shot by Corban Knight.
14:57 of 2nd period - Stopped by Marek Mazanec with a rebound.
15:09 of 2nd period - Wrist shot by Dustin Jeffrey.
15:09 of 2nd period - Stopped by Marek Mazanec with a rebound.
15:16 of 2nd period - Icing by Chris Langkow.
15:17 of 2nd period - Chris Langkow wins face-off versus Travis Oleksuk in Phantoms zone.
15:17 of 2nd period - Chris Langkow is hit by Karl Stollery.
15:41 of 2nd period - Nathan Longpre is hit by Eriah Hayes.
15:42 of 2nd period - Icing by Nathan Longpre.
15:43 of 2nd period - Nathan Longpre wins face-off versus Casey Wellman in Phantoms zone.
15:48 of 2nd period - Wrist shot by Garrett Wilson.
15:48 of 2nd period - Stopped by Aaron Dell without a rebound.
15:49 of 2nd period - Casey Wellman wins face-off versus Nathan Longpre in Crunch zone.
16:04 of 2nd period - Snap shot by Martin Havlat.
16:04 of 2nd period - Shot Blocked by Deryk Engelland.
16:59 of 2nd period - Stephen Johns is hit by Sam Carrick and loses puck.
17:25 of 2nd period - Snap shot by Corban Knight.
17:25 of 2nd period - Shot Misses the Net.
17:27 of 2nd period - Snap shot by Dustin Jeffrey.
17:27 of 2nd period - Shot Misses the Net.
18:09 of 2nd period - Wrist shot by Ben Street.
18:09 of 2nd period - Shot Blocked by Daniel Carr.
18:19 of 2nd period - Deryk Engelland is hit by Scott Hannan and loses puck.
19:07 of 2nd period - Jordin Tootoo is hit by Torrey Mitchell and loses puck.
19:52 of 2nd period - Wrist shot by Bryan Lerg.
19:52 of 2nd period - Stopped by Aaron Dell with a rebound.
Goals for this period are 0 for Phantoms vs 0 for Crunch.
Shots for this period are 7 for Phantoms vs 6 for Crunch.

3rd period


0:01 of 3rd period - Sam Carrick wins face-off versus Ben Street in neutral zone.
1:17 of 3rd period - Karl Stollery is hit by Deryk Engelland and loses puck.
1:22 of 3rd period - Snap shot by Garrett Wilson.
1:22 of 3rd period - Shot Misses the Net.
1:49 of 3rd period - Scott Hannan is hit by Stephen Johns and loses puck.
1:56 of 3rd period - Stephen Johns is hit by Karl Stollery and loses puck.
2:07 of 3rd period - Slapshot by Corban Knight.
2:07 of 3rd period - Stopped by Marek Mazanec with a rebound.
2:37 of 3rd period - Snap shot by Daniel Carr.
2:37 of 3rd period - Stopped by Marek Mazanec with a rebound.
2:45 of 3rd period - Travis Oleksuk is hit by Tom Sestito and loses puck.
3:06 of 3rd period - Snap shot by Jordin Tootoo.
3:06 of 3rd period - Stopped by Marek Mazanec without a rebound.
3:07 of 3rd period - Nathan Longpre wins face-off versus Sam Carrick in Phantoms zone.
3:26 of 3rd period - Wrist shot by Jordin Tootoo.
3:26 of 3rd period - Shot Misses the Net.
3:28 of 3rd period - Snap shot by Sam Carrick.
3:28 of 3rd period - Shot Blocked by Greg Zanon.
3:34 of 3rd period - Slapshot by Jordin Tootoo.
3:34 of 3rd period - Shot Misses the Net.
3:36 of 3rd period - Snap shot by Kimmo Timonen.
3:36 of 3rd period - Goal by Kimmo Timonen - Phantoms : 0 - Crunch : 1.
3:37 of 3rd period - Casey Wellman wins face-off versus Byron Froese in neutral zone.
5:04 of 3rd period - Snap shot by Garrett Wilson.
5:04 of 3rd period - Stopped by Aaron Dell with a rebound.
5:06 of 3rd period - Wrist shot by Cody Bass.
5:06 of 3rd period - Shot Blocked by Matt Hunwick.
5:08 of 3rd period - Snap shot by Garrett Wilson.
5:08 of 3rd period - Stopped by Aaron Dell with a rebound.
5:27 of 3rd period - Dustin Jeffrey is hit by Greg Zanon and loses puck.
5:51 of 3rd period - Daniel Carr is hit by Greg Zanon and loses puck.
6:07 of 3rd period - Wrist shot by Nolan Yonkman.
6:07 of 3rd period - Deflect By Daniel Carr.
6:07 of 3rd period - Shot Hit the Post.
6:07 of 3rd period - Puck is out of play.
6:08 of 3rd period - Cody Bass wins face-off versus Casey Wellman in Phantoms zone.
6:08 of 3rd period - Stephen Johns beats up Nolan Yonkman.
6:08 of 3rd period - Penalty to Nolan Yonkman for Fighting.
6:08 of 3rd period - Penalty to Stephen Johns for Fighting.
6:09 of 3rd period - Casey Wellman wins face-off versus Nathan Longpre in Phantoms zone.
7:00 of 3rd period - Wrist shot by Sam Carrick.
7:00 of 3rd period - Stopped by Marek Mazanec without a rebound.
7:01 of 3rd period - Sam Carrick wins face-off versus Ben Street in Phantoms zone.
7:24 of 3rd period - Snap shot by Daniel Cleary.
7:24 of 3rd period - Stopped by Marek Mazanec without a rebound.
7:25 of 3rd period - Byron Froese wins face-off versus Corban Knight in Phantoms zone.
8:22 of 3rd period - Snap shot by Martin Havlat.
8:22 of 3rd period - Shot Misses the Net.
8:24 of 3rd period - Snap shot by Travis Moen.
8:24 of 3rd period - Shot Blocked by Torrey Mitchell.
8:26 of 3rd period - Snap shot by Scott Hannan.
8:26 of 3rd period - Deflect By Casey Wellman.
8:26 of 3rd period - Shot Misses the Net.
8:26 of 3rd period - Puck is out of play.
8:27 of 3rd period - Nathan Longpre wins face-off versus Sam Carrick in Phantoms zone.
8:27 of 3rd period - Nathan Longpre is hit by Jordin Tootoo.
10:06 of 3rd period - Martin Gernat is hit by Eriah Hayes and loses puck.
11:01 of 3rd period - Erik Burgdoerfer is hit by Corban Knight and loses puck.
11:34 of 3rd period - Nick Jensen is hit by Erik Burgdoerfer and loses puck.
12:25 of 3rd period - Slapshot by Martin Havlat.
12:25 of 3rd period - Shot Misses the Net.
13:56 of 3rd period - Dustin Jeffrey is hit by Cody Bass and loses puck.
14:09 of 3rd period - Nick Jensen is hit by Chris Langkow and loses puck.
14:46 of 3rd period - Keegan Lowe is hit by Nolan Yonkman and loses puck.
15:35 of 3rd period - Snap shot by Ben Street.
15:35 of 3rd period - Stopped by Aaron Dell without a rebound.
15:36 of 3rd period - Chris Langkow wins face-off versus Corban Knight in Crunch zone.
15:41 of 3rd period - Wrist shot by Ben Street.
15:41 of 3rd period - Stopped by Aaron Dell with a rebound.
15:53 of 3rd period - Snap shot by Scott Hannan.
15:53 of 3rd period - Deflect By Stanislav Galiev.
15:53 of 3rd period - Shot Misses the Net.
15:53 of 3rd period - Puck is out of play.
15:54 of 3rd period - Corban Knight wins face-off versus Ben Street in Phantoms zone.
16:19 of 3rd period - Nathan Longpre is hit by Karl Stollery and loses puck.
16:44 of 3rd period - Snap shot by Byron Froese.
16:44 of 3rd period - Stopped by Aaron Dell with a rebound.
16:46 of 3rd period - Wrist shot by Deryk Engelland.
16:46 of 3rd period - Shot Blocked by Nick Jensen.
16:48 of 3rd period - Slapshot by Martin Gernat.
16:48 of 3rd period - Shot Blocked by Travis Moen.
17:04 of 3rd period - Travis Moen is hit by Justin Mercier and loses puck.
17:55 of 3rd period - Snap shot by Jordin Tootoo.
17:55 of 3rd period - Shot Blocked by Bryan Allen.
17:57 of 3rd period - Snap shot by Karl Stollery.
17:57 of 3rd period - Stopped by Marek Mazanec without a rebound.
17:58 of 3rd period - Travis Oleksuk wins face-off versus Ben Street in Phantoms zone.
18:19 of 3rd period - Slapshot by Scott Hannan.
18:19 of 3rd period - Stopped by Marek Mazanec with a rebound.
18:21 of 3rd period - Slapshot by Scott Hannan.
18:21 of 3rd period - Deflect By Travis Oleksuk.
18:21 of 3rd period - Shot Hit the Post.
18:21 of 3rd period - Puck is out of play.
18:22 of 3rd period - Stanislav Galiev wins face-off versus Byron Froese in Phantoms zone.
18:25 of 3rd period - Wrist shot by Matt Hunwick.
18:25 of 3rd period - Stopped by Marek Mazanec without a rebound.
18:26 of 3rd period - Corban Knight wins face-off versus Byron Froese in Phantoms zone.
18:33 of 3rd period - Slapshot by Dustin Jeffrey.
18:33 of 3rd period - Shot Blocked by Greg Zanon.
18:35 of 3rd period - Slapshot by Dustin Jeffrey.
18:35 of 3rd period - Stopped by Marek Mazanec without a rebound.
18:36 of 3rd period - Byron Froese wins face-off versus Corban Knight in Phantoms zone.
18:55 of 3rd period - Slapshot by Matt Hunwick.
18:55 of 3rd period - Deflect By Torrey Mitchell.
18:55 of 3rd period - Stopped by Marek Mazanec with a rebound.
18:57 of 3rd period - Slapshot by Kimmo Timonen.
18:57 of 3rd period - Stopped by Marek Mazanec with a rebound.
19:13 of 3rd period - Phantoms, Marek Mazanec is pulled from the net.
Goals for this period are 0 for Phantoms vs 1 for Crunch.
Shots for this period are 5 for Phantoms vs 12 for Crunch.